AoeStats
← SonicTH

Coastal Forest

502926071Analyzed
2v2 RM · 1mo ago on Aug 29, 2026· 18m 32s· 4 players
Game mode
Random Map
Map size
Medium (4 player)
Population
200
Speed
Normal
Resources
Low
Victory
Standard
Starting age
Dark Age
Ending age
Imperial Age
RankedLock teamsTeams togetherTeam positionsShared explorationLock speedFull tech treeHidden civsTurbo modeCheats
Victory
Defeat
🇳🇱 Saracens · Netherlands
1295
+8
🇳🇱 Malians · Netherlands
1047
+53
🇵🇰 Japanese · Pakistan
1130
-14
🇬🇧 Britons · United Kingdom
1074
-12
SargTheGreat
5:59 Loom
11:45 Feudal Age
Captian
0:26 Loom
11:13 Feudal Age
12:07 Double-Bit Axe
12:06 Horse Collar
12:17 Gold Mining
12:26 Stone Mining
12:36 Town Watch
15:09 Wheelbarrow
15:40 Fishing Lines
19:42 Castle Age
17:57 Scale Mail Armor
SonicTH
8:11 Loom
10:18 Feudal Age
15:21 Castle Age
13:52 Stone Mining
14:03 Double-Bit Axe
16:31 Fletching
17:10 Gold Mining
18:37 Bodkin Arrow
LissyOnMars
2:47 Loom
10:16 Feudal Age
11:10 Double-Bit Axe
14:14 Fletching
14:25 Padded Archer Armor
Connection lost

Rejoining the realm…

Still unreachable

The connection could not be restored.

Session expired

The server has moved on; the page needs a fresh start.